 Dungeon Crawl Stone Soup version 0.15.0-23-gc2b521c (console) character file.

1064 gw the Cruncher (level 8, 0/75 HPs)
             Began as a Minotaur Gladiator on Sept 8, 2014.
             Succumbed to a yellow wasp's poison
             ... on Level 6 of the Dungeon.
             The game lasted 00:03:47 (6944 turns).

gw the Cruncher (Minotaur Gladiator)                Turns: 6944, Time: 00:03:47

HP   0/75        AC 16     Str 26      XL: 8   Next:  6%
MP   3/3         EV  8     Int  5      God:
Gold 0           SH  0     Dex 11      Spells:  0 memorised,  7 levels left

rFire  . . .     SeeInvis .     a - +1 quarterstaff
rCold  . . .     Clarity  .     k - +0 chain mail
rNeg   . . .     rCorr    .     (no shield)
rPois  .         rRot     .     c - +0 hat
rElec  .         Spirit   .     (no cloak)
SustAb .         Warding  .     s - +0 pair of gloves (curse)
rMut   .         Rnd*Tele +     n - +0 pair of boots (curse)
Gourm  .                        (no amulet)
MR     .....                    (no ring)
                                (no ring)

@: mighty, lethally poisoned, not resistant to hostile enchantments, extremely
unstealthy
A: retaliatory headbutt, horns 2, rough black scales 1, robust 1, teleportitis 1
a: no special abilities


You were on level 6 of the Dungeon.
You were hungry.

You visited 2 branches of the dungeon, and saw 7 of its levels.

Inventory:

Hand weapons
 a - a +1 quarterstaff (weapon)
Missiles
 d - 3 throwing nets
 e - 201 stones (quivered)
 q - 3 javelins
Armour
 c - a +0 hat (worn)
 k - a +0 chain mail (worn)
 n - a cursed +0 pair of boots (worn)
 s - a cursed +0 pair of gloves (worn)
Magical devices
 b - a wand of draining (0)
Comestibles
 f - 3 bread rations
 g - 3 meat rations
 m - 2 fruits
Scrolls
 h - a scroll of teleportation
 j - 4 scrolls of identify
 p - 8 scrolls of remove curse
Potions
 i - a potion of restore abilities
 l - 2 potions of heal wounds
 o - a potion of lignification {unknown}
 r - a potion of curing


   Skills:
 + Level 5.5 Fighting
 * Level 8.3 Staves
 + Level 4.2 Throwing
 + Level 4.7 Armour
 - Level 3.2 Dodging


You had 7 spell levels left.
You didn't know any spells.

Dungeon Overview and Level Annotations

Branches:
Dungeon (6/15)             Temple (1/1) D:4

Altars:
Ashenzari
Dithmenos
Elyvilon
Kikubaaqudgha
Nemelex Xobeh
Okawaru
Qazlal
Sif Muna
Trog
Vehumet
Zin
The Shining One

Annotations:
D:1 exclusion: downstairs


Innate Abilities, Weirdness & Mutations

You reflexively headbutt those who attack you in melee.
You have a pair of horns on your head.
You are partially covered in rough black scales (AC +4, Dex -1).
You are robust (+10% HP).
Space occasionally distorts in your vicinity.


Message History

The goliath beetle bites you!
You see here a yellow wasp corpse {inedible}.
MOVING TO (7,0) MOVING TO (6,0)
You feel sick.
MOVING TO (5,0)
Your surroundings suddenly seem different.
An orc comes into view. It is wielding a runed dagger.
The orc shouts!
An orc priest comes into view.
The orc priest mumbles some strange prayers to Beogh against you.
Something smites you!
An orc wizard comes into view. It is wielding a glowing dagger.
MOVING TO (4,0)
The orc priest mumbles some strange prayers to Beogh against you.
Something smites you!
MOVING TO (3,0)
An iguana comes into view.
MOVING TO (2,0)
You die...

...#######......#....
#.................#....
#......................
#((....................
#..((....(.......#.....
#....(...(........#####
#.....(...........#
#.....(.(.((.(....#####
#.....H........(....#.#
#....#..........(..$..#
#>................((...
#.............##..#.((.
#.............##..#(..(
#....o........#######..
#.oo........... ###
#.l..........###
............


You could see an iguana (wandering), an orc priest, an orc wizard and an orc.

Table legend:
 A = Turns spent in this place as a percentage of turns spent in the entire game.
 B = Non-inter-level travel turns spent in this place as a percentage of non-inter-level travel turns spent in the entire game.
 C = Inter-level travel turns spent in this place as a percentage of turns spent in this place.
 D = Turns resting spent in this place as a percentage of non-inter-level travel turns spent in this place.
 E = Turns spent auto-exploring this place as a percentage of non-inter-level travel turns spent in this place.
 F = Non-inter-level travel turns spent in this place divided by the number of levels of this place that you've seen.
                   A       B       C       D       E      F
               +-------+-------+-------+-------+-------+----------------------
         Total | 100.0 | 100.0 |   1.3 |   3.9 |  13.0 | 289.0
       Dungeon |  98.3 |  98.3 |   1.3 |   3.9 |  12.6 | 331.5
        Temple |   1.7 |   1.7 |   2.9 |   0.0 |  32.4 |  34.0
               +-------+-------+-------+-------+-------+----------------------

Table legend:
 A = Kills in this place as a percentage of kills in entire the game.
 B = Kills by you in this place as a percentage of kills by you in the entire game.
 C = Kills by friends in this place as a percentage of kills by friends in the entire game.
 D = Other kills in this place as a percentage of other kills in the entire game.
 E = Experience gained in this place as a percentage of experience gained in the entire game.
 F = Experience gained in this place divided by the number of levels of this place that you have seen.
                   A       B       C       D       E      F
               +-------+-------+-------+-------+-------+----------------------
         Total | 100.0 | 100.0 |  -nan |  -nan | 100.0 | 217.3
       Dungeon | 100.0 | 100.0 |  -nan |  -nan | 100.0 | 253.5
               +-------+-------+-------+-------+-------+----------------------

Vanquished Creatures
  Edmund (D:4)
  A yellow wasp (D:6)
  A phantom (D:4)
  2 centaurs (D:5)
  2 ogres (D:4)
  Blork the orc (D:4)
  A scorpion (D:3)
  4 worker ants
  Ijyb (D:6)
  A hound skeleton (D:6)
  6 adders
  A shadow imp (D:6)
  An inept item mimic (D:5)
  4 worms
  An orc skeleton (D:5)
  An adder zombie (D:3)
  2 giant geckos
  An orc (D:3)
  2 ball pythons
  14 bats
  A bat skeleton (D:3)
  2 bat zombies
  6 giant cockroaches
  8 goblins
  16 hobgoblins
  2 giant newts
  A goblin skeleton (D:4)
  A hobgoblin skeleton (D:3)
  5 jackals
  13 kobolds
  A quokka (D:4)
  11 rats
115 creatures vanquished.

Vanquished Creatures (others)
  2 plants (D:1)
2 creatures vanquished.

Grand Total: 117 creatures vanquished

Notes
Turn   | Place    | Note
--------------------------------------------------------------
     0 | D:1      | gw, the Minotaur Gladiator, began the quest for the Orb.
     0 | D:1      | Reached XP level 1. HP: 18/18 MP: 1/1
    78 | D:1      | Reached skill level 1 in Armour
   172 | D:1      | Reached XP level 2. HP: 25/25 MP: 1/1
   307 | D:1      | Reached skill level 4 in Staves
  1089 | D:1      | Reached XP level 3. HP: 28/30 MP: 2/2
  2660 | D:2      | Reached XP level 4. HP: 37/37 MP: 2/2
  2771 | D:2      | Reached skill level 5 in Staves
  2886 | D:2      | Noticed a sky beast
  3418 | D:3      | Reached XP level 5. HP: 37/45 MP: 2/2
  3573 | D:3      | Found a radiant altar of Vehumet.
  4371 | D:3      | Found a glowing silver altar of Zin.
  4458 | D:4      | Noticed an ogre
  4460 | D:4      | Killed an ogre
  4460 | D:4      | Reached skill level 6 in Staves
  4544 | D:4      | Noticed Blork the orc
  4556 | D:4      | Killed Blork the orc
  4556 | D:4      | Reached XP level 6. HP: 29/52 MP: 3/3
  4713 | D:4      | Noticed Edmund
  4716 | D:4      | Killed Edmund
  4782 | D:4      | Noticed an ogre
  4792 | D:4      | Killed an ogre
  4792 | D:4      | Reached XP level 7. HP: 47/60 MP: 3/3
  4926 | D:4      | Found a staircase to the Ecumenical Temple.
  4931 | Temple   | Entered the Ecumenical Temple
  5081 | D:4      | Reached skill level 7 in Staves
  5257 | D:4      | Noticed a phantom
  5279 | D:4      | Killed a phantom
  5860 | D:4      | Gained mutation: You are robust (+10% HP). [potion of mutation]
  5860 | D:4      | Gained mutation: Space occasionally distorts in your vicinity. [potion of mutation]
  5860 | D:4      | Gained mutation: You are partially covered in rough black scales (AC +4, Dex -1). [potion of mutation]
  5991 | D:5      | Entered Level 5 of the Dungeon
  6028 | D:5      | Reached skill level 5 in Fighting
  6279 | D:5      | Found a white marble altar of Elyvilon.
  6667 | D:5      | Reached skill level 8 in Staves
  6846 | D:6      | Noticed Ijyb
  6855 | D:6      | Killed Ijyb
  6928 | D:6      | Found a glowing golden altar of the Shining One.
  6937 | D:6      | Reached XP level 8. HP: 35/75 MP: 3/3
  6942 | D:6      | HP: 1/75 [orc priest/divine providence (12)]
  6944 | D:6      | Succumbed to a yellow wasp's poison

Action                   |  1- 3 |  4- 6 |  7- 9 || total
-------------------------+-------+-------+-------++-------
Melee: Quarterstaff      |    72 |    67 |    92 ||   231
Throw: Stone             |   113 |    77 |    89 ||   279
Evoke: Wand              |       |     6 |       ||     6
  Use: Scroll            |     3 |     6 |     3 ||    12
       Potion            |     2 |     4 |     4 ||    10
  Eat: Chunk             |     6 |     6 |     7 ||    19

Vault maps used:
D:1:      dpeg_arrival_leaves_temple_mockup, minivault_27, minivault_5,
          serial_bayou_pond_c
D:2:      mumra_celtic_spiral_tile
D:3:      zin_treasury, vehumet_crystals, serial_undead, serial_undead_a,
          serial_undead_e, serial_undead_e, serial_undead_e, serial_undead_e,
          serial_undead_b
D:4:      temple_doors_d, uniq_blork_the_orc, uniq_edmund
D:5:      lemuel_coloured_pillars_altar, first_bread
D:6:      cheibriados_altar_1, nicolae_zen_rock_garden,
          nicolae_tso_carved_into_rock, uniq_iyjb, uniq_prince_ribbit1
Temple:   jpeg_temple_clearing_9
